 Dungeon Crawl Stone Soup version 0.28.0-53-g5a82cb258f (webtiles) character file.

Game seed: 12557648523613868252

170 Ashen the Ogre Mage (level 5, 0/49 HPs)
             Began as an Ogre Ice Elementalist on June 18, 2022.
             Slain by Sigmund
             ... wielding a +0 scythe
              (11 damage)
             ... on level 3 of the Dungeon.
             The game lasted 00:04:41 (2614 turns).

Ashen the Ogre Mage (Ogre Ice Elementalist)         Turns: 2614, Time: 00:04:41

Health: 0/49       AC:  3    Str: 12    XL:     5   Next: 51%
Magic:  4/11       EV: 10    Int: 18    God:
Gold:   100        SH:  0    Dex:  9    Spells: 1/12 levels left

rFire   . . .      SeeInvis .   h - +0 giant club
rCold   . . .      Faith    .   (shield currently unavailable)
rNeg    . . .      Spirit   .   a - +0 robe
rPois   .          Reflect  .   (helmet restricted)
rElec   .          Harm     .   (no cloak)
rCorr   .          Rampage  .   (gloves unavailable)
Will    .....                   (boots unavailable)
Stlth   ++........              (no amulet)
HPRegen 0.16/turn               (no ring)
MPRegen 0.12/turn               (no ring)

@: freezing walls
A: large, unfitting armour, tough skin 1
a: no special abilities


You were on level 3 of the Dungeon.
You visited 1 branch of the dungeon, and saw 3 of its levels.

You collected 100 gold pieces.

Inventory:

Hand Weapons
 g - a +0 whip
 h - a +0 giant club (weapon)
Armour
 a - a +0 robe (worn)
Scrolls
 b - a scroll of vulnerability {unknown}
 d - a scroll of enchant armour {unknown}
 i - a scroll of identify {unknown}
 l - 2 scrolls of enchant weapon {unknown}
 n - a scroll of teleportation {unknown}
Potions
 c - 2 potions of ambrosia {unknown}
 e - a potion of curing {unknown}
 f - 2 potions of resistance {unknown}
 j - 2 potions of flight {unknown}
 k - a potion of degeneration {unknown}
 m - a potion of heal wounds {unknown}


   Skills:
 + Level 2.2 Fighting
 + Level 0.4 Maces & Flails
 + Level 2.5 Dodging
 + Level 2.1 Stealth
 * Level 4.1 Spellcasting
 + Level 0.1 Conjurations
 + Level 4.0 Ice Magic


You had one spell level left.
You knew the following spells:

 Your Spells              Type           Power      Damage    Failure   Level
a - Freeze                Ice            72%        1d9       2%          1
b - Frozen Ramparts       Ice            36%        1d5       9%          3
c - Ozocubu's Armour      Ice            18%        N/A       9%          3
d - Hailstorm             Conj/Ice       11%        3d5       52%         4

Your spell library contained the following spells:

 Spells                   Type           Power      Damage    Failure   Level
 Apportation              Tloc           6%         N/A       14%         1
 Magic Dart               Conj           16%        1d3       14%         1
 Searing Ray              Conj           8%         2d4       21%         2
 Blink                    Tloc           6%         N/A       22%         2
 Static Discharge         Conj/Air       4%         N/A       22%         2
 Swiftness                Air            3%         N/A       41%         3
 Fulminant Prism          Conj/Hex       2%         3d6       80%         4
 Passage of Golubria      Tloc           3%         N/A       82%         4


Dungeon Overview and Level Annotations

Branches:
Dungeon (3/15)

Altars:

Annotations:
D:3 Sigmund


Innate Abilities, Weirdness & Mutations

You are too large for most types of armour.
You have tough skin. (AC +1)


Message History

The wall freezes something.
Something hits you.
The wall freezes something.
Something hits you but does no damage.
The wall freezes something.
Something hits you.
The wall freezes something.
Something hits you but does no damage.
The wall freezes something.
Something hits you.
The frozen ramparts melt away.
You hear some strange, mumbled words.
You are confused.
Your icy armour will break if you move.
Continue? [Y]es or [N]o only, please.
Your icy armour will break if you move.
Continue? [Y]es or [N]o only, please.
Your icy armour will break if you move.
Continue?
Okay, then.
Something hits you but does no damage.
Your icy armour will break if you move.
Continue?
Your icy armour cracks and falls away as you move.
Something completely misses you.
You hear some strange, mumbled words.
You are more confused.
Something hits you! Something hits you but does no damage. Something hits you!
* * * LOW HITPOINT WARNING * * *
Something hits you.
* * * LOW HITPOINT WARNING * * *
You feel less confused.
Casting: Ozocubu's Armour (dangerous; 9% risk of failure)
Confirm with . or Enter, or press ? or * to list all spells.
You can't see any susceptible monsters within range! (Use Z to cast anyway.)
Casting: Ozocubu's Armour (dangerous; 9% risk of failure)
Confirm with . or Enter, or press ? or * to list all spells.
Okay, then.
Casting: Ozocubu's Armour (dangerous; 9% risk of failure)
Confirm with . or Enter, or press ? or * to list all spells.
Casting: Frozen Ramparts (dangerous; 9% risk of failure)
Press: ? - help, Dir - look around, f - activate The walls around you are covered in ice.
The wall freezes something.
Something hits you!
You die...

#.).....#.#
###.##.##.# #.##.##.#
######## #.##..#.#
#......# #.###.#.#
#......# #.# .#.#
#......# #.# ..
###......######.###..
#..........@{...#<#
#.###############.#
#.###############.#
#.................#
###################


There were no monsters in sight!

Vanquished Creatures
  An ogre (D:2)
  2 adders (D:2)
  A gnoll (D:1)
  A worm (D:2)
  3 dart slugs
  An endoplasm (D:1)
  4 giant cockroaches
  3 hobgoblins
  2 jackals (D:1)
  A quokka (D:1)
  10 ball pythons
  4 bats
  3 frilled lizards (D:2)
  5 goblins
  4 kobolds
  A rat (D:2)
46 creatures vanquished.

Notes
Turn   | Place    | Note
-------+----------+-------------------------------------------
     0 | D:1      | Ashen the Ogre Ice Elementalist began the quest for the
                  | Orb.
     0 | D:1      | Reached XP level 1. HP: 16/16 MP: 3/3
   274 | D:1      | Reached XP level 2. HP: 25/26 MP: 2/5
   678 | D:1      | Reached skill level 1 in Fighting
   870 | D:1      | Reached XP level 3. HP: 29/33 MP: 4/7
  1234 | D:2      | Noticed an ogre
  1278 | D:2      | Killed an ogre
  1279 | D:2      | Reached XP level 4. HP: 42/42 MP: 0/9
  1279 | D:2      | Reached XP level 5. HP: 49/49 MP: 0/10
  1292 | D:2      | Learned a level 3 spell: Frozen Ramparts
  1296 | D:2      | Learned a level 3 spell: Ozocubu's Armour
  1730 | D:2      | Learned a level 4 spell: Hailstorm
  1940 | D:2      | Got Sif Muna's Collected Works on the Floating Voyage
  2313 | D:3      | Noticed Sigmund
  2614 | D:3      | Slain by Sigmund

Illustrated notes

Levels and vault maps discovered:
D:1:      matt_arrival_diagonals, layout_basic, roderic_lattice_a
D:2:      layout_basic
D:3:      layout_basic, ebering_ecumenical_altar_webs, uniq_sigmund

Skill      XL: |  1  2  3  4  5 |
---------------+----------------+-----
Dodging        | 2 |  2.5
Fighting       | 1 2 |  2.2
Spellcasting   | 3 4 |  4.1
Stealth        | 2 |  2.1
Ice Magic      | 4 |  4.0
Maces & Flails | |  0.4
Conjurations   | |  0.1

Action                   |  1- 3 |  4- 6 || total
-------------------------+-------+-------++-------
Melee: Unarmed           |     2 |       ||     2
       Whip              |     4 |       ||     4
       Giant club        |       |    50 ||    50
 Cast: Freeze            |    45 |    23 ||    68
       Frozen Ramparts   |       |     3 ||     3
       Ozocubu's Armour  |       |     1 ||     1
 Stab: Sleeping          |     1 |     2 ||     3
Armor: Robe              |    10 |    28 ||    38
Dodge: Dodged            |    26 |    56 ||    82
